 Dungeon Crawl Stone Soup version 0.27-a0-1245-g940ed4fa31 (webtiles) character file.

Game seed: 2919945740259610309

846 Azzok the Cleaver (level 7, 0/52 HPs)
             Began as a Demonspawn Berserker on June 9, 2021.
             Was a Priest of Trog.
             Killed by divine providence
             ... invoked by an orc priest
              (12 damage)
             ... on level 4 of the Dungeon.
             The game lasted 00:05:41 (4530 turns).

Azzok the Cleaver (Demonspawn Berserker)            Turns: 4530, Time: 00:05:42

Health: 0/52       AC:  9    Str: 19    XL:     7   Next: 68%
Magic:  7/7        EV:  9    Int:  9    God:    Trog [***...]
Gold:   175        SH:  3    Dex: 12    Spells: 6/6 levels left

rFire    . . .     SeeInvis .   a - +0 hand axe
rCold    . . .     Faith    .   p - +0 buckler
rNeg     . . .     Spirit   .   q - +0 scale mail
rPois    .         Reflect  .   m - +0 helmet
rElec    .         Harm     .   n - scarf {repulsion}
rCorr    .         Rampage  .   (no gloves)
Will     .....                  (no boots)
Stlth    ..........             (no amulet)
HPRegen  0.17/turn              (no ring)
MPRegen  0.10/turn              (no ring)

@: on berserk cooldown, slowed, repel missiles, very slow
A: claws 2, thin metallic scales 1, powered by pain 1
a: Renounce Religion, Berserk, Trog's Hand


You were on level 4 of the Dungeon.
You worshipped Trog.
Trog was most pleased with you.
You visited 1 branch of the dungeon, and saw 5 of its levels.

You collected 175 gold pieces.

Inventory:

Hand Weapons
 a - a +0 hand axe (weapon)
 k - a +1 scythe of flaming
Armour
 m - a +0 helmet (worn)
 n - a scarf of repulsion (worn)
 p - a +0 buckler (worn)
 q - a +0 scale mail (worn)
Wands
 d - a wand of digging (4)
 j - a wand of polymorph (7)
Scrolls
 b - 3 scrolls of amnesia {unknown}
 c - 2 scrolls of noise {unknown}
 f - 2 scrolls of identify {unknown}
 h - 2 scrolls of fog {unknown}
 i - 2 scrolls of teleportation {unknown}
Potions
 e - 2 potions of ambrosia {unknown}
 g - a potion of berserk rage {unknown}
 o - a potion of heal wounds {unknown}


   Skills:
 - Level 3.0 Fighting
 + Level 8.5 Axes
 - Level 1.7 Armour
 - Level 1.7 Dodging


You had 6 spell levels left.
You didn't know any spells.
Your spell library was empty.

Dungeon Overview and Level Annotations

Branches:
Dungeon (5/15)             Temple (0/1) D:5

Altars:
Dithmenos
Fedhas
Nemelex Xobeh
Ru
Uskayaw
Vehumet

Shops:
D:3 (


Innate Abilities, Weirdness & Mutations

You have very sharp fingernails.
You are partially covered in thin metallic scales. (AC +2)
You sometimes gain a little power by taking damage.


Message History

The orc barely misses you. The adder misses you.
You hit the adder.
The adder is severely wounded.
You hit the orc. You hit the orc priest.
You feel sick. You block the adder's attack.
The orc priest hits you but does no damage.
The orc closely misses you. The adder completely misses you.
You closely miss the adder.
The adder is severely wounded.
You closely miss the orc. You hit the orc priest.
You feel sick.
You are no longer poisoned.
The orc priest hits you with a +0 short sword.
The adder bites you but does no damage. The orc closely misses you.
The orc priest hits you with a +0 short sword.
You hit the adder.
You kill the adder!
Trog accepts your kill.
You hit the orc.
You kill the orc!
Trog accepts your kill.
You hit the orc priest but do no damage.
The orc priest completely misses you.
You hit the orc priest but do no damage.
The orc priest is moderately wounded.
The orc priest hits you but does no damage.
The orc priest hits you with a +0 short sword.
You barely miss the orc priest.
The orc priest is moderately wounded.
The orc priest hits you but does no damage.
You hit the orc priest but do no damage.
The orc priest is moderately wounded.
The orc priest miscasts a cantrip.
You barely miss the orc priest.
The orc priest is moderately wounded.
The orc priest invokes the aid of Beogh against you.
Pain shoots through your body!
* * * LOW HITPOINT WARNING * * *
The orc priest invokes the aid of Beogh against you.
Beogh smites you!
You die...

▒▒▒····▒··········▒▒▒▒▒▒·▒▒·▒▒▒
▒▒▒···▒············▒▒ ▒·▒▒····
····▒▒··▒▒·········▒▒▒▒▒▒▒·▒▒▒▒▒▒
····▒▒·····▒···············▒ ▒
················▒··········▒ ▒
········(····▒··▒▒▒········▒▒▒▒▒▒
·············▒▒··▒▒▒···········▒▒
·············▒▒··▒ ▒·······▒▒▒···
▒▒▒▒···········)@▒▒▒·······▒▒▒▒▒▒
▒·······)·▒▒▒o·▒▒··········▒▒
▒····>····▒▒▒▒·▒▒▒▒▒▒▒▒··▒··▒▒
▒··········▒▒▒·▒▒▒▒ ▒▒······
▒·················▒ ▒▒▒▒···
▒·················▒ ▒▒▒▒
▒·················▒ ▒
▒▒·······▒········▒ ▒
▒▒·····▒▒▒▒▒▒▒▒▒▒▒ ▒


You could see an orc priest.

Vanquished Creatures
  Sigmund (D:3)
  Duvessa (D:4)
  A necrophage (D:4)
  Dowan (D:4)
  A howler monkey (D:4)
  An orc priest (D:4)
  Jessica (D:3)
  Natasha (thrice) (D:4)
  An iguana (D:4)
  A hound zombie (D:5)
  Robin (D:3)
  A howler monkey skeleton (D:4)
  6 adders
  4 gnolls
  An ufetubus (D:5)
  An adder skeleton (D:4)
  A worm (D:2)
  A dart slug (D:2)
  16 orcs
  9 bats
  7 endoplasms
  2 giant cockroaches
  18 goblins
  6 hobgoblins
  3 quokkas
  5 ball pythons
  3 frilled lizards
  6 kobolds
  12 rats
115 creatures vanquished.

Vanquished Creatures (others)
  2 hobgoblins (D:4)
2 creatures vanquished.

Grand Total: 117 creatures vanquished

Notes
Turn   | Place    | Note
-------+----------+-------------------------------------------
     0 | D:1      | Azzok the Demonspawn Berserker began the quest for the Orb.
     0 | D:1      | Reached XP level 1. HP: 18/18 MP: 1/1
   122 | D:1      | Reached skill level 3 in Axes
   367 | D:1      | Gained mutation: You have sharp fingernails. [demonic
                  | ancestry]
   367 | D:1      | Reached XP level 2. HP: 24/24 MP: 2/2
   856 | D:1      | Gained mutation: You are partially covered in thin metallic
                  | scales. (AC +2) [demonic ancestry]
   856 | D:1      | Reached XP level 3. HP: 29/29 MP: 3/3
  1186 | D:1      | Reached skill level 4 in Axes
  1488 | D:2      | Reached ** piety under Trog
  1888 | D:2      | Found a blossoming altar of Fedhas.
  2061 | D:3      | Noticed Jessica
  2065 | D:3      | Killed Jessica
  2066 | D:3      | Reached XP level 4. HP: 28/35 MP: 4/4
  2239 | D:3      | Noticed Sigmund
  2388 | D:3      | Killed Sigmund
  2389 | D:3      | Reached skill level 6 in Axes
  2389 | D:3      | Gained mutation: You sometimes gain a little power by
                  | taking damage. [demonic ancestry]
  2389 | D:3      | Reached XP level 5. HP: 33/41 MP: 5/5
  2531 | D:3      | Found a hide-covered altar of Uskayaw.
  2616 | D:3      | Found a sacrificial altar of Ru.
  2868 | D:3      | Found Huaw's Weapon Emporium.
  2870 | D:3      | Found a shadowy altar of Dithmenos.
  2883 | D:3      | Found a radiant altar of Vehumet.
  2932 | D:3      | Found a sparkling altar of Nemelex Xobeh.
  2976 | D:4      | Noticed a necrophage
  2979 | D:4      | Noticed Dowan
  2981 | D:4      | Noticed Duvessa
  2987 | D:4      | Gained mutation: You have very sharp fingernails. [demonic
                  | ancestry]
  2987 | D:4      | Reached XP level 6. HP: 43/47 MP: 6/6
  3221 | D:4      | Killed Duvessa
  3222 | D:4      | Reached skill level 7 in Axes
  3383 | D:4      | Noticed Robin
  3386 | D:4      | Reached *** piety under Trog
  3388 | D:4      | Killed Dowan
  3389 | D:4      | Reached XP level 7. HP: 52/52 MP: 7/7
  3401 | D:3      | Killed Robin
  3793 | D:4      | Noticed Natasha
  3804 | D:4      | Killed Natasha
  3822 | D:4      | Noticed Natasha
  3839 | D:4      | Killed Natasha
  3840 | D:4      | Reached skill level 8 in Axes
  3988 | D:4      | Noticed Natasha
  4002 | D:4      | Killed Natasha
  4497 | D:5      | Entered Level 5 of the Dungeon
  4498 | D:5      | Found a staircase to the Ecumenical Temple.
  4530 | D:4      | Killed from afar by an orc priest

Illustrated notes

Levels and vault maps discovered:
D:1:      elethiomel_arrival_diamonds, layout_loops_corners
D:2:      layout_basic, basic_altar
D:3:      layout_basic, nicolae_ru_awakened_eye,
          nicolae_overflow_quartered_altars, serial_shops, shop, uniq_jessica,
          uniq_sigmund
D:4:      layout_rooms, uniq_natasha, uniq_duvessa, uniq_robin
D:5:      minmay_goblin_kobold_castle, layout_cave_pools,
          nicolae_qazlal_eye_of_the_storm, minmay_temple_entry_offerings,
          grunt_ministairs_11

Skill      XL: |  1  2  3  4  5  6  7 |
---------------+----------------------+-----
Axes           | 3 4 6 7 8 |  8.5
Fighting       | |  3.0
Armour         | |  1.7
Dodging        | |  1.7

Action                   |  1- 3 |  4- 6 |  7- 9 || total
-------------------------+-------+-------+-------++-------
Melee: Hand axe          |   121 |    69 |   121 ||   311
Invok: Berserk           |       |     4 |     3 ||     7
       Trog's Hand       |       |       |     1 ||     1
  Use: Potion            |       |       |     1 ||     1
 Stab: Sleeping          |     1 |       |       ||     1
Armor: Animal skin       |    12 |       |       ||    12
       Leather armour    |    13 |     8 |       ||    21
       Ring mail         |       |    28 |    38 ||    66
       Scale mail        |       |       |    40 ||    40
Dodge: Dodged            |    65 |    64 |    91 ||   220
       Repelled          |       |       |     1 ||     1
Block: Buckler           |       |       |     6 ||     6

Table legend: (Time is in decaauts)
 A = Elapsed time spent in this place.
 B = Non-inter-level travel time spent in this place.
 C = Inter-level travel time spent in this place.
 D = Time resting spent in this place.
 E = Time spent auto-exploring this place.
 F = Levels seen in this place.
 G = Mean time per level.
                   A        B        C        D        E       F      G
               +--------+--------+--------+--------+--------+-----+--------+
         Total |   4601 |   4520 |     81 |    770 |   2921 |   5 |  920.2 |
       Dungeon |   4601 |   4520 |     81 |    770 |   2921 |   5 |  920.2 |
               +--------+--------+--------+--------+--------+-----+--------+

Top non-repeatable levels by time:
     D:3: 1694 daAuts
     D:1: 1388 daAuts
     D:4: 896 daAuts
     D:2: 601 daAuts
     D:5: 21 daAuts
